 Dungeon Crawl Stone Soup version 0.31.0-32-g396128a36d (webtiles) character file.

Game seed: 14682641149912838583

501 spaghetti the Poker (level 7, 0/68 HPs)
             Began as a Naga Chaos Knight on Mar 25, 2024.
             Was a Plaything of Xom.
             Slain by a kobold brigand
             ... wielding a +1 whip of flaming
              (1 damage)
             ... on level 4 of the Dungeon.
             The game lasted 00:04:24 (3545 turns).

spaghetti the Poker (Naga Chaos Knight)             Turns: 3545, Time: 00:04:25

Health: 0/68       AC:  7    Str: 16    XL:     7   Next: 17%
Magic:  6/6        EV:  9    Int: 13    God:    Xom [..*...]
Gold:   154        SH:  0    Dex: 10    Spells: 6/6 levels left

rFire   + . .        m - +0 broad axe (spect)
rCold   x . .        (no shield)
rNeg    + . .        b - +2 leather armour
rPois   +            n - +0 helmet
rElec   .            (no cloak)
rCorr   .            (no gloves)
SInv    +            (no barding)
Will    .....        (no amulet)
Stlth   +            d - ring of fire
HPRegen 0.31/turn    e - ring of positive energy
MPRegen 0.10/turn

%: no passive effects
@: very slow
A: AC +2, large, see invisible, deformed body, poison resistance, slowness 2,
spit poison 1, naga tail 1, low MP 1, robust 1, screaming 1, subdued magic 1
a: Spit Poison, Renounce Religion


You were on level 4 of the Dungeon.
You worshipped Xom.
You were a toy of Xom.
You visited 1 branch of the dungeon, and saw 4 of its levels.

You collected 154 gold pieces.

Inventory:

Hand Weapons
 a - a +1 spear of chaos
 m - a +0 spectral broad axe (weapon)
Missiles
 c - 2 throwing nets
Armour
 b - a +2 leather armour (worn)
 n - a +0 helmet (worn)
Jewellery
 d - a ring of fire (left hand)
 e - a ring of positive energy (right hand)
 l - an amulet of magic regeneration
Scrolls
 f - 3 scrolls of poison
 i - 5 scrolls of identify
Potions
 g - 2 potions of curing


   Skills:
 - Level 3.0 Fighting
 + Level 4.2(6.0) Axes
 - Level 6.5(7.1) Polearms
 - Level 1.5 Armour
 - Level 0.7 Dodging


You had 6 spell levels left.
You didn't know any spells.
Your spell library contained the following spells:

 Spells                   Type           Power      Damage    Failure   Level
 Cigotuvi's Dreadful Rot  Necr/Alch/Air  0%         N/A       45%         2
 Ignite Poison            Fire/Alch      0%         N/A       98%         4
 Freezing Cloud           Conj/Ice/Air   0%         6-21      100%        5


Dungeon Overview and Level Annotations

Branches:
Dungeon (4/15)
 Temple: D:4-7

Altars:


Innate Abilities, Weirdness & Mutations

Your serpentine skin is tough. (AC +2)
You have supernaturally acute eyesight. (SInv)
Armour fits poorly on your strangely shaped body.
Your system is resistant to poisons. (rPois)
You cover ground very slowly.
You can spit poison.
You have a snake-like lower body.
Your magical capacity is low. (-10% MP)
You are robust. (+10% HP)
You occasionally shout uncontrollably at your foes.
Your spells are a little easier to cast, but a little less powerful.


Message History

You kill the kobold!
You hit the kobold brigand but do no damage.
Your +0 spectral broad axe hits the kobold brigand! x2
The kobold brigand hits you with a +0 dagger.
* * * LOW HITPOINT WARNING * * *
The gnoll hits you from afar with a +0 spear.
* * * LOW HITPOINT WARNING * * *
The kobold brigand throws a poisoned dart.
The poisoned dart hits you!
You are lethally poisoned!
The kobold brigand closely misses you.
Unknown command.
Unknown command.
Okay, then.
You feel better.
Your +0 spectral broad axe disappears.
The gnoll barely misses you. The kobold brigand barely misses you.
The gnoll closely misses you.
Okay, then.
You miss the kobold brigand.
The kobold brigand is heavily wounded.
You closely miss the kobold brigand. x2; You slash the gnoll!
Your +0 spectral broad axe hits the kobold brigand!
You kill the kobold brigand!
Your +0 spectral broad axe barely misses the gnoll.
Your +0 spectral broad axe hits the gnoll.
You kill the gnoll!
Your +0 spectral broad axe hits the kobold brigand.
Your +0 spectral broad axe closely misses the gnoll.
Your +0 spectral broad axe misses the kobold brigand. x2
Your +0 spectral broad axe hits the kobold brigand but does no damage.
The kobold brigand hits you with a +0 dagger.
* * * LOW HITPOINT WARNING * * *
The gnoll hits you from afar with a +0 spear.
* * * LOW HITPOINT WARNING * * *
The kobold brigand hits you with a +1 whip of flaming.
* * * LOW HITPOINT WARNING * * *
The kobold brigand burns you.
You die...
Xom bursts into laughter!

~~≈≈≈≈~~~~~
≈≈≈≈≈≈≈≈≈≈≈
≈≈≈≈≈≈≈≈≈≈≈
################### #
.))#..............# .#
.))()..)$$g.......#
..#
####.)).$)........##'#
....)))########.(K...#
.......# #K@)g..#
.......# ######..$.?.#
####..............##'#
'..............# .#
.#..............#
##################


You could see 2 kobold brigands, a gnoll and a friendly +0 spectral broad axe.

Vanquished Creatures
  A kobold brigand (D:4)
  2 bombardier beetles
  An orc priest (D:4)
  2 iguanas
  An orc wizard (D:4)
  14 gnolls
  8 adders
  4 dart slugs
  3 orcs
  4 bats
  4 endoplasms
  3 giant cockroaches
  10 hobgoblins
  7 quokkas
  4 ball pythons
  6 frilled lizards
  8 goblins
  55 kobolds
  5 rats
142 creatures vanquished.

Notes
Turn   | Place    | Note
-------+----------+-------------------------------------------
     0 | D:1      | spaghetti the Naga Chaos Knight began the quest for the
                  | Orb.
     0 | D:1      | Reached XP level 1. HP: 21/21 MP: 1/1
   109 | D:1      | XOM: potion effect (invisibility)
   241 | D:1      | Reached XP level 2. HP: 28/28 MP: 2/2
   450 | D:1      | XOM: swap monsters
   480 | D:1      | XOM: give mutation
   480 | D:1      | Gained mutation: Your spells are a little easier to cast,
                  | but a little less powerful. [Xom's mischief]
   661 | D:2      | Lost mutation: Your spells are a little easier to cast, but
                  | a little less powerful. [potion of mutation]
   661 | D:2      | Gained mutation: You occasionally shout uncontrollably at
                  | your foes. [potion of mutation]
   661 | D:2      | Gained mutation: You are weak. (Str -2) [potion of
                  | mutation]
   661 | D:2      | Gained mutation: Your magical capacity is low. (-10% MP)
                  | [potion of mutation]
   661 | D:2      | Lost mutation: You are weak. (Str -2) [potion of mutation]
   666 | D:2      | Reached skill level 4 in Polearms
   666 | D:2      | Reached XP level 3. HP: 12/34 MP: 2/2
   749 | D:2      | XOM: summons 1 hostile demon
   910 | D:2      | XOM: 1-stop teleportation journey
  1034 | D:2      | Reached XP level 4. HP: 42/42 MP: 3/3
  1038 | D:2      | Reached skill level 5 in Polearms
  1320 | D:2      | XOM: summons 2 hostile demons
  1334 | D:2      | XOM: polymorph ufetubus -> crimson imp
  1718 | D:2      | Reached XP level 5. HP: 49/49 MP: 4/4
  1969 | D:2      | Reached skill level 6 in Polearms
  2006 | D:2      | XOM: silly message
  2252 | D:3      | XOM: give mutations
  2252 | D:3      | Gained mutation: You are vulnerable to cold. (rC-) [Xom's
                  | mischief]
  2252 | D:3      | Gained mutation: Your body sometimes deteriorates upon
                  | taking damage. [Xom's mischief]
  2252 | D:3      | Lost mutation: You are vulnerable to cold. (rC-) [Xom's
                  | mischief]
  2571 | D:3      | XOM: give mutations
  2571 | D:3      | Lost mutation: Your body sometimes deteriorates upon taking
                  | damage. [Xom's mischief]
  2571 | D:3      | Gained mutation: You are robust. (+10% HP) [Xom's mischief]
  2571 | D:3      | Gained mutation: Your spells are a little easier to cast,
                  | but a little less powerful. [Xom's mischief]
  2776 | D:3      | Reached XP level 6. HP: 55/61 MP: 5/5
  2913 | D:3      | XOM: divination: detect creatures
  3096 | D:4      | Reached skill level 1 in Axes
  3258 | D:4      | XOM: enchant monster (bad)
  3275 | D:4      | XOM: smoke on damage
  3336 | D:4      | XOM: noise
  3500 | D:4      | Reached XP level 7. HP: 67/68 MP: 6/6
  3543 | D:4      | HP: 2/68 [gnoll/+0 spear (5)]
  3545 | D:4      | Slain by a kobold brigand

Illustrated notes

Levels and vault maps discovered:
D:1:      roderic_crossed_star, layout_basic
D:2:      minmay_thinvault, layout_loops_ring, moated_statue,
          grunt_ministairs_7, minmay_box_of_dots
D:3:      layout_basic
D:4:      minmay_goblin_kobold_castle, layout_basic, serial_shops,
          nicolae_shop_hallway_plus, shop, nicolae_shop_behind_doors, shop,
          ebering_ghost_sewer_d, uniq_sigmund, uniq_natasha

Skill      XL: |  1  2  3  4  5  6  7 |
---------------+----------------------+-----
Polearms       | 4 5 6 |  6.5
Axes           | 3 4 |  4.2
Fighting       | |  3.0
Armour         | |  1.5
Dodging        | |  0.7

Action                     |  1- 3 |  4- 6 |  7- 9 || total
---------------------------+-------+-------+-------++-------
  Melee: Spear             |    98 |   141 |       ||   239
         Punch             |     3 |     4 |     1 ||     8
         Broad axe         |       |    69 |    30 ||    99
Ability: Spit Poison       |       |     1 |     1 ||     2
    Use: Potion            |     3 |     2 |     2 ||     7
         Scroll            |       |     9 |     3 ||    12
   Stab: Invisible         |     2 |       |       ||     2
 Armour: Leather armour    |    64 |   142 |    40 ||   246
  Dodge: Dodged            |    55 |   120 |    25 ||   200
